 Dungeon Crawl Stone Soup version 0.30-a0-177-g1cb5dbfd7a (webtiles) character file.

Game seed: 14560902204556126198

427 Sobieck the Sneak (level 7, -3/40 HPs)
             Began as a Kobold Brigand on Oct 2, 2022.
             Slain by an orc warrior
             ... wielding a +0 war axe of electrocution
              (20 damage)
             ... on level 5 of the Dungeon.
             The game lasted 00:07:38 (3885 turns).

Sobieck the Sneak (Kobold Brigand)                  Turns: 3885, Time: 00:07:38

Health: -3/40      AC:  3    Str:  8    XL:     7   Next: 18%
Magic:  7/7        EV: 18    Int: 13    God:
Gold:   137        SH:  0    Dex: 24    Spells: 6/6 levels left

rFire   . . .      SeeInvis .    a - +4 short sword (speed) {short}
rCold   . . .      Faith    .    (no shield)
rNeg    + . .      Spirit   .    l - +0 robe {rN+}
rPois   .          Reflect  .    (no helmet)
rElec   .          Harm     .    c - +0 cloak
rCorr   .          Rampage  .    (no gloves)
Will    .....                    (no boots)
Stlth   +++++.....               (no amulet)
HPRegen 0.26/turn                j - +6 ring of dexterity
MPRegen 0.10/turn                r - ring of flight

@: flying
A: small, no large weapons, nightstalker 3
a: no special abilities


You were on level 5 of the Dungeon.
You visited 1 branch of the dungeon, and saw 5 of its levels.
You also visited: Sewer.

You collected 137 gold pieces.


Innate Abilities, Weirdness & Mutations

You are small and have problems with some larger weapons.
You are completely attuned to the shadows.


   Skills:
 - Level 2.1 Fighting
 + Level 5.9 Short Blades
 - Level 2.1 Throwing
 + Level 4.8 Dodging
 + Level 7.8 Stealth


You had 6 spell levels left.
You didn't know any spells.
Your spell library contained the following spells:

 Spells                   Type           Power      Damage    Failure   Level
 Ensorcelled Hibernation  Hex/Ice        0%         N/A       43%         2
 Passwall                 Tmut/Erth      0%         N/A       43%         2
 Swiftness                Air            0%         N/A       67%         3

Inventory:

Hand Weapons
 a - a +4 short sword of speed (weapon) {short}
   (You found it on level 2 of the Dungeon)
 s - a +2 dagger {short}
 N - a +0 dagger of venom {short}
   (You took it off an orc wizard on level 4 of the Dungeon)
Missiles
 d - 13 poisoned darts (quivered) {throwing}
 e - 3 curare-tipped darts {=fthrowing}
 f - 27 stones {throwing}
 n - 4 atropa-tipped darts {throwing}
 p - 8 boomerangs {throwing}
 L - a throwing net {=f!fthrowing}
Armour
 b - a +0 robe
 c - a +0 cloak (worn)
 h - a +0 scale mail
   (You took it off an orc on level 4 of the Dungeon)
 l - a +0 robe of positive energy (worn)
   (You found it on level 1 of the Dungeon)
 m - a +0 ring mail
   (You took it off a goblin on level 4 of the Dungeon)
 t - a +0 animal skin
   (You took it off Robin on level 2 of the Dungeon)
 u - a +0 helmet
   (You took it off Robin on level 2 of the Dungeon)
 v - a +0 leather armour
   (You found it on level 2 of the Dungeon)
 y - a +0 chain mail
   (You found it on level 2 of the Dungeon)
 A - a +0 robe
   (You found it on level 3 of the Dungeon)
 C - a +0 ring mail
   (You found it on level 3 of the Dungeon)
 D - a +0 leather armour
   (You took it off an orc priest on level 3 of the Dungeon)
 F - a +0 scale mail
   (You took it off an orc on level 3 of the Dungeon)
 J - a +0 scale mail
   (You found it on level 3 of the Dungeon)
 M - a +0 robe
   (You took it off an orc wizard on level 4 of the Dungeon)
Magical Staves
 H - a staff of death {!astaff}
   (You found it on level 3 of the Dungeon)
 K - a staff of poison {!astaff}
   (You found it on level 3 of the Dungeon)
Jewellery
 j - a +6 ring of dexterity (left hand)
   (You found it on level 1 of the Dungeon)
 r - a ring of flight (right hand)
   (You found it on level 2 of the Dungeon)
Wands
 k - a wand of quicksilver (5)
   (You found it on level 4 of the Dungeon)
Scrolls
 g - 4 scrolls of teleportation {@r4}
Potions
 i - a potion of mutation {!q}
 o - 6 potions of curing {@q1}
 z - a potion of magic
 B - a potion of might
 E - 3 potions of lignification {!q}
 G - a potion of brilliance {unknown}
 I - a potion of haste {unknown}

Dungeon Overview and Level Annotations

Branches:
Dungeon (5/15) Zot: 26301   Sewer (visited)
 Temple: D:4-7

Altars:
Okawaru

Shops:
D:1 [   D:2 [

Annotations:
D:2 Sigmund
D:3 2 transporters
D:4 Dowan, Duvessa

#........#.#.#.##.#.
#....#.#.......##.#.
#.................#.
#......###.#.#.##.#.
#....### #.#..).....
###.## #.#.#.#..##
.###.# #.#.#....
#.o..###. . .......
.##.@o.5. .........
#oo####. ..#####.#
...# ....###.# #..
......... ..
....###.# .... #..
.... #.# .... #.#
#.#


You could see an orc warrior, 2 orc wizards, an orc and an ufetubus.


Message History

You see here a hobgoblin corpse.
You see here a hobgoblin corpse.
m - a scroll of identify {@r1} Unknown command.
As you read the scroll of identify {@r1}, it crumbles to dust.
i - a potion of mutation Unknown command.
g - 4 scrolls of teleportation {@r4} (gained 1)
There is an open door here.
A goblin comes into view. It is wielding a +0 club.
Danger!
No target in view!
No target in view!
There is an open door here.
There is an open door here.
A goblin is nearby!
Danger!
You hit the goblin but do no damage. The goblin misses you.
You hit the goblin.
You kill the goblin!
No target in view!
No target in view!
Found a stone staircase leading down.
m - a +0 ring mail;
w - a scroll of enchant weapon You see here a +0 club {mace}.
Unknown command.
Duvessa and Dowan come into view.
Dowan is wielding a +0 dagger and carrying a wand of flame (16).
You see here a +0 dagger {short}.
Danger!
Unknown command.
Duvessa shouts!
Dowan shouts!
Dowan hits you with a +0 dagger! Duvessa hits you with a +0 rapier!
Unknown command.
Duvessa attacks as you move away! Duvessa hits you with a +0 rapier!
* * * LOW HITPOINT WARNING * * *
Dowan attacks as you move away! Dowan hits you with a +0 dagger.
* * * LOW HITPOINT WARNING * * *
Unknown command.
As you read the scroll of fear, it crumbles to dust.
You assume a fearsome visage.
Duvessa looks frightened!
Dowan looks frightened!
Dowan casts a spell.
Dowan blinks!
Unknown command.
Duvessa nearly stumbles in trying to escape.
Dowan casts a spell.
Dowan blinks!
You see here a +0 dagger {short}.
Unknown command.
Danger!
You see here a +0 club {mace}.
There is an open door here.
Unknown command.
There is an open door here.
You reach down and close the door.
There is an open door here.
There is an open door here.
You reach down and close the door.
You start resting.
As you read the scroll of enchant weapon, it crumbles to dust.
Your +3 short sword of speed {short} glows red for a moment.
Unknown command.
Unknown command.
A ball python comes into view.
Danger!
The helpless ball python fails to defend itself.
You skewer the ball python like a kebab!!!
You kill the ball python!
Unknown command.
There is a stone staircase leading down here.
You fly downwards.
There is a stone staircase leading up here.
Unknown command.
Unknown command.
Unknown command.
An adder comes into view.
Danger!
The helpless adder fails to defend itself.
You perforate the adder like a sieve!!!
You kill the adder!
Unknown command.
You now have 137 gold pieces (gained 13).
An orc warrior comes into view.
It is wielding a +0 war axe of electrocution.
Danger!
Unknown command. 2 orc wizards come into view.
An orc wizard is wielding a +0 dagger of freezing.
An orc comes into view. It is wielding a +0 whip.
The orc warrior shouts!
The orc wizard shouts!
The orc shouts!
You hear a shout!
An ufetubus comes into view.
The orc wizard gestures at you while chanting.
The magic dart hits you!
The orc warrior hits you with a +0 war axe of electrocution!
* * * LOW HITPOINT WARNING * * *
You closely miss the orc warrior.
Unknown command.
The orc warrior attacks as you move away!
The orc warrior hits you with a +0 war axe of electrocution!!
Ouch! That really hurt!
You die...

Skill      XL: |  1  2  3  4  5 |
---------------+----------------+-----
Short Blades   | 3 4 5 |  5.9
Dodging        | 2 3 4 |  4.8
Stealth        | 6 7 |  7.8
Fighting       | |  2.1
Throwing       | |  2.1

Action                   |  1- 3 |  4- 6 |  7- 9 || total
-------------------------+-------+-------+-------++-------
Melee: Dagger            |    59 |       |       ||    59
       Short sword       |     7 |   121 |    29 ||   157
       Punch             |       |     1 |       ||     1
  Use: Scroll            |       |     2 |    13 ||    15
 Stab: Sleeping          |    15 |    26 |     6 ||    47
Armor: Robe              |     9 |     2 |       ||    11
Dodge: Dodged            |    39 |    58 |    10 ||   107

Levels and vault maps discovered:
D:1:      lightli_arrival_noodles, layout_basic, serial_shops, shop_coins
D:2:      layout_loops_ring, serial_shops, shop, grunt_ministairs_15,
          uniq_sigmund, uniq_robin
D:3:      gammafunk_steamed_eel, layout_loops_corners,
          cheibrodos_sewer_entry_drain, palyth_stone_intersect, st_stairs_7,
          serial_park_tiny_1, uniq_grinder
D:4:      layout_basic, okawaru_ov_weapons_minmay, zin_angel,
          nicolae_hepliaklqana_monster_ancestors, uniq_duvessa
D:5:      layout_basic, grunt_ashenzari_visionary
          [grunt_ashenzari_visionary_shoals, grunt_ashenzari_visionary_snake],
          trog_antimagical, nicolae_qazlal_scattered_showers, uniq_blork_the_orc

Notes
Turn   | Place    | Note
-------+----------+-------------------------------------------
     0 | D:1      | Sobieck the Kobold Brigand began the quest for the Orb.
     0 | D:1      | Reached XP level 1. HP: 12/12 MP: 1/1
    80 | D:1      | Reached skill level 3 in Short Blades
    80 | D:1      | Reached XP level 2. HP: 17/17 MP: 2/2
   320 | D:1      | Reached skill level 2 in Dodging
   387 | D:1      | Reached XP level 3. HP: 21/21 MP: 3/3
   462 | D:1      | Found Boptuq's Antique Armour Shop.
  1061 | D:2      | Noticed Robin
  1064 | D:2      | Killed Robin
  1065 | D:2      | Reached skill level 6 in Stealth
  1065 | D:2      | Reached XP level 4. HP: 26/26 MP: 4/4
  1264 | D:2      | Noticed Sigmund
  1283 | D:2      | Reached skill level 4 in Short Blades
  1626 | D:2      | Found Kialiyny's Armour Shoppe.
  1877 | D:3      | Found a transporter.
  1953 | D:3      | Found a transporter.
  1983 | D:3      | Reached skill level 3 in Dodging
  2141 | D:3      | Reached XP level 5. HP: 27/30 MP: 5/5
  2251 | D:3      | Found a glowing drain.
  2259 | Sewer    | Entered a sewer
  2336 | Sewer    | Noticed a water moccasin
  2397 | D:3      | You pick up a book of Burglary and begin reading...
  2397 | D:3      | You add the spells Passwall, Ensorcelled Hibernation and
                  | Swiftness to your library.
  2564 | D:3      | Noticed Grinder
  2568 | D:3      | Killed Grinder
  2569 | D:3      | Reached skill level 5 in Short Blades
  2569 | D:3      | Reached skill level 4 in Dodging
  2569 | D:3      | Reached skill level 7 in Stealth
  2569 | D:3      | Reached XP level 6. HP: 35/35 MP: 6/6
  3078 | D:4      | Reached XP level 7. HP: 40/40 MP: 7/7
  3466 | D:4      | Found an iron altar of Okawaru.
  3663 | D:4      | Noticed Duvessa
  3663 | D:4      | Noticed Dowan
  3666 | D:4      | HP: 6/40 [Dowan/+0 dagger (5)]
  3815 | D:5      | Entered Level 5 of the Dungeon
  3885 | D:5      | Slain by an orc warrior

Vanquished Creatures
  Grinder (D:3)
  An orc priest (D:3)
  An iguana (D:4)
  An orc wizard (D:4)
  Robin (D:2)
  4 adders
  2 worms
  A dart slug (D:1)
  8 orcs
  5 ball pythons
  9 endoplasms
  3 giant cockroaches
  13 goblins
  12 hobgoblins
  2 jackals (Sewer)
  6 kobolds
  4 quokkas
  9 bats
  4 frilled lizards
  9 rats
96 creatures vanquished.

Table legend:
 A = Non-vault XP
 B = Vault XP
 C = Vault XP percentage of total XP
 D = Non-vault monster count
 E = Vault monster count
 F = Vault count percentage of total count
                 A         B        C        D         E       F
            +---------+---------+-------+---------+---------+-------
      Total |     313 |     297 |  48.7 |      82 |      14 |  14.6
            +---------+---------+-------+---------+---------+-------
        D:1 |      46 |       0 |   0.0 |      25 |       0 |   0.0
        D:2 |      37 |      27 |  42.2 |      22 |       8 |  26.7
        D:3 |      97 |     266 |  73.3 |      21 |       4 |  16.0
        D:4 |     119 |       0 |   0.0 |      13 |       0 |   0.0
        D:5 |      14 |       0 |   0.0 |       1 |       0 |   0.0
      Sewer |       0 |       4 | 100.0 |       0 |       2 | 100.0
            +---------+---------+-------+---------+---------+-------

Illustrated notes

Table legend:
 A = Kills in this place as a percentage of kills in entire the game.
 B = Kills by you in this place as a percentage of kills by you in the entire game.
 C = Kills by friends in this place as a percentage of kills by friends in the entire game.
 D = Other kills in this place as a percentage of other kills in the entire game.
 E = Experience gained in this place as a percentage of experience gained in the entire game.
 F = Experience gained in this place divided by the number of levels of this place that you have seen.
                   A       B       C       D       E      F
               +-------+-------+-------+-------+-------+----------------------
         Total | 100.0 | 100.0 |   N/A |   N/A | 100.0 | 101.7
       Dungeon |  97.9 |  97.9 |   N/A |   N/A |  99.3 | 121.2
         Sewer |   2.1 |   2.1 |   N/A |   N/A |   0.7 |   4.0
               +-------+-------+-------+-------+-------+----------------------

Table legend: (Time is in decaauts)
 A = Elapsed time spent in this place.
 B = Non-inter-level travel time spent in this place.
 C = Inter-level travel time spent in this place.
 D = Time resting spent in this place.
 E = Time spent auto-exploring this place.
 F = Levels seen in this place.
 G = Mean time per level.
                   A        B        C        D        E       F      G
               +--------+--------+--------+--------+--------+-----+--------+
         Total |   3800 |   3670 |    130 |    207 |   2809 |   6 |  633.3 |
       Dungeon |   3698 |   3568 |    130 |    207 |   2765 |   5 |  739.6 |
         Sewer |    101 |    101 |      0 |      0 |     44 |   1 |  101.0 |
               +--------+--------+--------+--------+--------+-----+--------+

Top non-repeatable levels by time:
     D:3: 1118 daAuts
     D:1: 946 daAuts
     D:2: 837 daAuts
     D:4: 727 daAuts
   Sewer: 101 daAuts
     D:5: 68 daAuts
